 Dungeon Crawl Stone Soup version 0.30-a0-424-g7412bad402 (webtiles) character file.

Game seed: 17378836513963269846

23 McMuffin the Covered (level 2, -1/20 HPs)
             Began as a Demonspawn Wanderer on Dec 9, 2022.
             Slain by a frilled lizard (2 damage)
             ... on level 2 of the Dungeon.
             The game lasted 00:04:34 (974 turns).

McMuffin the Covered (Demonspawn Wanderer)           Turns: 974, Time: 00:04:35

Health: -1/20      AC:  9    Str: 11    XL:     2   Next: 72%
Magic:  3/3        EV:  8    Int: 14    God:
Gold:   35         SH:  7    Dex: 12    Spells: 2/3 levels left

rFire   . . .      SeeInvis .    a - +0 dagger
rCold   . . .      Faith    .    i - +0 buckler
rNeg    . . .      Spirit   .    d - +2 scale mail
rPois   .          Reflect  .    (no helmet)
rElec   .          Harm     .    (no cloak)
rCorr   .          Rampage  .    (no gloves)
Will    .....                    (no boots)
Stlth   ..........               (no amulet)
HPRegen 0.23/turn                (no ring)
MPRegen 0.08/turn                (no ring)

@: lethally poisoned (-1 -> -2)
A: condensation shield
a: no special abilities


You were on level 2 of the Dungeon.
You visited 1 branch of the dungeon, and saw 2 of its levels.

You collected 35 gold pieces.

Inventory:

Hand Weapons
 a - a +0 dagger (weapon)
Armour
 d - a +2 scale mail (worn)
 i - a +0 buckler (worn)
Scrolls
 b - a scroll of teleportation
 c - 2 scrolls of fog
 f - 2 scrolls of summoning {unknown}
 g - 2 scrolls of poison {unknown}
 h - a scroll of vulnerability {unknown}
 l - a scroll of enchant weapon {unknown}
Potions
 e - a potion of might {unknown}
 j - 2 potions of lignification {unknown}
 k - a potion of heal wounds {unknown}
 m - 2 potions of mutation {unknown}
 n - a potion of curing {unknown}


   Skills:
 + Level 0.8 Fighting
 + Level 0.1 Short Blades
 + Level 1.9 Throwing
 + Level 3.9 Armour
 + Level 1.0 Spellcasting
 + Level 3.0 Earth Magic


You had 2 spell levels left.
You knew the following spells:

 Your Spells              Type           Power      Damage    Failure   Level
a - Sandblast             Erth           18%        2d7       50%         1

Your spell library contained the following spells:

 Spells                   Type           Power      Damage    Failure   Level
 Stone Arrow              Conj/Erth      8%         3d7       97%         3
 Malign Gateway           Summ/Tloc      0%         N/A       100%        7
 Summon Horrible Things   Summ           0%         N/A       100%        8


Dungeon Overview and Level Annotations

Branches:
Dungeon (2/15)

Altars:


Innate Abilities, Weirdness & Mutations

A meltable shield of frost defends you. (SH +4)


Message History

You block the frilled lizard's attack.
A jackal comes into view.
The adder bites you but does no damage.
The jackal barks!
You hit the jackal.
The jackal is moderately wounded.
You hear a bark!
You block the jackal's attack. The jackal barely misses you.
The frilled lizard closely misses you. The adder bites you but does no damage.
The jackal bites you. You block the jackal's attack.
You hit the adder.
The adder is severely wounded.
The adder bites you.
* * * LOW HITPOINT WARNING * * *
You are lethally poisoned!
The adder poisons you!
The jackal bites you but does no damage.
The frilled lizard bites you but does no damage.
The jackal closely misses you.
You closely miss the adder.
The adder is severely wounded.
* * * LOW HITPOINT WARNING * * *
You feel sick. You block the adder's attack.
The jackal bites you but does no damage.
You block the jackal's attack.
The frilled lizard bites you but does no damage.
The jackal bites you but does no damage.
The adder bites you but does no damage.
You closely miss the adder.
The adder is severely wounded.
* * * LOW HITPOINT WARNING * * *
You feel sick. The jackal barely misses you.
The frilled lizard bites you but does no damage.
You block the jackal's attack. The adder closely misses you.
You block the jackal's attack.
You hit the adder but do no damage.
The adder is severely wounded.
* * * LOW HITPOINT WARNING * * *
You feel sick. You block the jackal's attack. The frilled lizard bites you.
You die...

######### ##### #.......# #...#
#.......# #...# #.......###.>.#
#....<...........# ###########..
#.########.....hh###............
# .........###@S..h....$.......
######...# #hl##...........h.
.....# #..##...########..
###.#.# #..##..... #....
...##...##.# ..#.###..##...# ..
##.#.# ##.###### # #.# ...


You could see an adder, 4 jackals and a frilled lizard.

Vanquished Creatures
  2 ball pythons (D:1)
  5 endoplasms
  A goblin (D:1)
  A hobgoblin (D:1)
  4 jackals (D:1)
  2 quokkas
  A bat (D:1)
  2 rats (D:1)
18 creatures vanquished.

Vanquished Creatures (others)
  3 plants (D:1)
  3 withered plants (D:1)
6 creatures vanquished.

Grand Total: 24 creatures vanquished

Notes
Turn   | Place    | Note
-------+----------+-------------------------------------------
     0 | D:1      | McMuffin the Demonspawn Wanderer began the quest for the
                  | Orb.
     0 | D:1      | McMuffin set off with the following items: a +0 dagger, a
                  | scroll of teleportation, a scroll of fog, a +2 scale mail;
                  | and the following spell memorised: Sandblast; and the
                  | following spells available to memorise: Stone Arrow.
     0 | D:1      | Reached XP level 1. HP: 13/13 MP: 2/2
   191 | D:1      | Found a faded altar of an unknown god.
   478 | D:1      | Gained mutation: A meltable shield of frost defends you.
                  | (SH +4) [demonic ancestry]
   478 | D:1      | Reached XP level 2. HP: 19/19 MP: 1/3
   974 | D:2      | HP: 1/20 [poisoned by an adder]
   974 | D:2      | Slain by a frilled lizard

Illustrated notes

Levels and vault maps discovered:
D:1:      heliophobic_arrival_glass_houses, layout_loops_ring,
          shapermc_ecumenical_altar_flowoftime, serial_park_tiny_pond
D:2:      layout_basic

Skill      XL: |  1  2 |
---------------+-------+-----
Earth Magic    | 3 |  3.0
Fighting       | |  0.8
Short Blades   | |  0.1
Throwing       | |  1.9
Armour         | |  3.9
Spellcasting   | |  1.0

Action                   || total
-------------------------++-------
Melee: Dagger            ||   128
       Punch             ||     1
 Cast: Sandblast         ||     5
Armor: Scale mail        ||    68
Dodge: Dodged            ||    47
Block: Buckler           ||    38

Table legend: (Time is in decaauts)
 A = Elapsed time spent in this place.
 B = Non-inter-level travel time spent in this place.
 C = Inter-level travel time spent in this place.
 D = Time resting spent in this place.
 E = Time spent auto-exploring this place.
 F = Levels seen in this place.
 G = Mean time per level.
                   A        B        C        D        E       F      G
               +--------+--------+--------+--------+--------+-----+--------+
         Total |    984 |    902 |     82 |      0 |      0 |   2 |  492.0 |
       Dungeon |    984 |    902 |     82 |      0 |      0 |   2 |  492.0 |
               +--------+--------+--------+--------+--------+-----+--------+

Top non-repeatable levels by time:
     D:1: 919 daAuts
     D:2: 64 daAuts
